 Dungeon Crawl Stone Soup version 0.25-a0-513-ge77a69270c (webtiles) character file.

Game seed: 12706393469700346447, levelgen mode: deterministic

113 RedPan the Covered (level 4, -9/41 HPs)
             Began as a Gnoll Wanderer on Feb 16, 2020.
             Splashed by Ijyb's acid (14 damage)
             ... on level 3 of the Dungeon.
             The game lasted 00:03:44 (2763 turns).

RedPan the Covered (Gnoll Wanderer)                 Turns: 2763, Time: 00:03:45

Health: -9/41      AC:  3    Str: 14    XL:     4   Next: 96%
Magic:  6/6        EV: 10    Int: 11    God:
Gold:   110        SH:  0    Dex: 19    Spells: 5/5 levels left

rFire    . . .     SeeInvis .   a - +1 dagger
rCold    . . .     Gourm    .   (no shield)
rNeg     . . .     Faith    .   e - +0 scale mail
rPois    +         Spirit   .   (no helmet)
rElec    .         Reflect  .   (no cloak)
rCorr    .         Harm     .   (no gloves)
MR       .....                  (no boots)
Stlth    +.........             (no amulet)
HPRegen  0.13/turn              h - ring of wizardry
MPRegen  0.10/turn              g - ring of poison resistance

@: corroded
A: distributed training, fangs 1, strong nose
a: no special abilities


You were on level 3 of the Dungeon.
You were not hungry.

You visited 1 branch of the dungeon, and saw 3 of its levels.

You collected 110 gold pieces.

Inventory:

Hand Weapons
 a - a +1 dagger (weapon)
Armour
 e - a +0 scale mail (worn)
Jewellery
 g - a ring of poison resistance (right hand)
 h - a ring of wizardry (left hand)
 p - an uncursed amulet of harm {unknown}
 q - an uncursed amulet of rage {unknown}
Wands
 d - a wand of flame (7)
Scrolls
 b - a scroll of fear
 c - 3 scrolls of teleportation
 j - 2 scrolls of fog {unknown}
 k - a scroll of remove curse
 l - a scroll of enchant weapon
 o - a scroll of amnesia
Potions
 i - 2 potions of curing
 m - a potion of magic {unknown}
 n - a potion of haste {unknown}
Comestibles
 f - 8 rations


   Skills:
 + Level 6.6 Fighting
 + Level 1.2 Short Blades
 + Level 1.2 Long Blades
 + Level 1.2 Axes
 + Level 2.8 Maces & Flails
 + Level 1.2 Polearms
 + Level 1.2 Staves
 + Level 1.2 Slings
 + Level 2.8 Bows
 + Level 1.2 Crossbows
 + Level 1.2 Throwing
 + Level 6.6 Armour
 + Level 1.2 Dodging
 + Level 1.2 Stealth
 + Level 2.8 Shields
 + Level 1.2 Unarmed Combat
 + Level 1.2 Spellcasting
 + Level 1.0 Conjurations
 + Level 1.0 Hexes
 + Level 1.0 Charms
 + Level 1.0 Summonings
 + Level 1.0 Necromancy
 + Level 1.0 Translocations
 + Level 1.0 Transmutations
 + Level 1.0 Fire Magic
 + Level 1.0 Ice Magic
 + Level 1.0 Air Magic
 + Level 1.0 Earth Magic
 + Level 1.0 Poison Magic
 + Level 1.4 Invocations
 + Level 2.8 Evocations


You had 5 spell levels left.
You didn't know any spells.
Your spell library was empty.

Dungeon Overview and Level Annotations

Branches:
Dungeon (3/15)

Altars:

Annotations:
D:3 Ijyb


Innate Abilities, Weirdness & Mutations

Your experience applies equally to all skills.
You have very sharp teeth.
Your uncanny sense of smell can sniff out nearby items.


Message History

Aim: Ijyb, wearing a +0 leather armour and carrying a wand of acid (4) (heavily wounded)
The puff of flame hits Ijyb.
Ijyb is severely wounded.
Ijyb hits you but does no damage.
Evoke which item? (* to show all) (? for menu, Esc to quit)
Aiming: Throw Flame
Press: ? - help, Shift-Dir - straight line, f/p - Ijyb
Aim: Ijyb, wearing a +0 leather armour and carrying a wand of acid (4) (severely wounded)
The puff of flame misses Ijyb.
Ijyb hits you but does no damage.
Evoke which item? (* to show all) (? for menu, Esc to quit)
Aiming: Throw Flame
Press: ? - help, Shift-Dir - straight line, f/p - Ijyb
Aim: Ijyb, wearing a +0 leather armour and carrying a wand of acid (4) (severely wounded)
The puff of flame hits Ijyb.
Ijyb is severely wounded.
Ijyb zaps a wand.
The bolt of acid hits you!
* * * LOW HITPOINT WARNING * * *
The acid corrodes you!
You are splashed with acid!
You die...

+########....####
....#......###.#...
...#.####.# #.#...
...#....#.# #.#...
...##.....# #.'... #.#
#.....#####... #.#
#.........#...
#######g###..<.####.####
.......@#......####.# #
........'...........# #
........#......###### #
........######## #######
######### #....## #....#
#....## #..>... ####...


You could see Ijyb.

Vanquished Creatures
  5 adders
  An ooze (D:2)
  An adder zombie (D:3)
  2 worms (D:3)
  A dart slug (D:1)
  A leopard gecko (D:1)
  A bat (D:1)
  3 giant cockroaches
  5 hobgoblins
  6 jackals (D:2)
  6 kobolds
  A quokka (D:3)
  2 ball pythons
  3 frilled lizards
  8 goblins
  4 rats
50 creatures vanquished.

Notes
Turn   | Place    | Note
-------+----------+-------------------------------------------
     0 | D:1      | RedPan the Gnoll Wanderer began the quest for the Orb.
     0 | D:1      | RedPan set off with the following items: a +0 dagger, a +0
                  | ring mail, a scroll of teleportation, a wand of flame (15),
                  | a ration
     0 | D:1      | Reached XP level 1. HP: 23/23 MP: 2/2
   245 | D:1      | Reached XP level 2. HP: 17/29 MP: 3/3
   903 | D:2      | Reached XP level 3. HP: 32/35 MP: 4/4
  1149 | D:2      | Reached skill level 1 in Invocations
  1403 | D:2      | Reached skill level 1 in Short Blades
  1403 | D:2      | Reached skill level 1 in Long Blades
  1403 | D:2      | Reached skill level 1 in Axes
  1403 | D:2      | Reached skill level 1 in Polearms
  1403 | D:2      | Reached skill level 1 in Staves
  1403 | D:2      | Reached skill level 1 in Slings
  1403 | D:2      | Reached skill level 1 in Crossbows
  1403 | D:2      | Reached skill level 1 in Throwing
  1403 | D:2      | Reached skill level 1 in Dodging
  1403 | D:2      | Reached skill level 1 in Stealth
  1403 | D:2      | Reached skill level 1 in Unarmed Combat
  1403 | D:2      | Reached skill level 1 in Spellcasting
  1403 | D:2      | Reached XP level 4. HP: 35/41 MP: 4/6
  2074 | D:3      | Reached skill level 1 in Conjurations
  2074 | D:3      | Reached skill level 1 in Hexes
  2074 | D:3      | Reached skill level 1 in Charms
  2074 | D:3      | Reached skill level 1 in Summonings
  2074 | D:3      | Reached skill level 1 in Necromancy
  2074 | D:3      | Reached skill level 1 in Translocations
  2074 | D:3      | Reached skill level 1 in Transmutations
  2074 | D:3      | Reached skill level 1 in Fire Magic
  2074 | D:3      | Reached skill level 1 in Ice Magic
  2074 | D:3      | Reached skill level 1 in Air Magic
  2074 | D:3      | Reached skill level 1 in Earth Magic
  2074 | D:3      | Reached skill level 1 in Poison Magic
  2138 | D:3      | Noticed Ijyb
  2763 | D:3      | Splashed by Ijyb's acid

Levels and vault maps discovered:
D:1:      minmay_arrival_checkered_box, layout_basic
D:2:      layout_loops_ring, serial_glass, glass_columns_b, glass_columns_a,
          columned_hall_lemuel, dk_noncrumbling_3, chequers_serial_rivers_room_b
D:3:      layout_basic, chequers_serial_rivers_micro_b, uniq_ijyb

Skill      XL: |  1  2  3  4 |
---------------+-------------+-----
Invocations    | 1 |  1.4
Short Blades   | 1 |  1.2
Long Blades    | 1 |  1.2
Axes           | 1 |  1.2
Polearms       | 1 |  1.2
Staves         | 1 |  1.2
Slings         | 1 |  1.2
Crossbows      | 1 |  1.2
Throwing       | 1 |  1.2
Dodging        | 1 |  1.2
Stealth        | 1 |  1.2
Unarmed Combat | 1 |  1.2
Spellcasting   | 1 |  1.2
Conjurations   | 1 |  1.0
Hexes          | 1 |  1.0
Charms         | 1 |  1.0
Summonings     | 1 |  1.0
Necromancy     | 1 |  1.0
Translocations | 1 |  1.0
Transmutations | 1 |  1.0
Fire Magic     | 1 |  1.0
Ice Magic      | 1 |  1.0
Air Magic      | 1 |  1.0
Earth Magic    | 1 |  1.0
Poison Magic   | 1 |  1.0
Fighting       | |  6.6
Maces & Flails | |  2.8
Bows           | |  2.8
Armour         | |  6.6
Shields        | |  2.8
Evocations     | |  2.8

Action                   |  1- 3 |  4- 6 || total
-------------------------+-------+-------++-------
Melee: Dagger            |   164 |   122 ||   286
       Bite              |    21 |    25 ||    46
       Punch             |     1 |     1 ||     2
Evoke: Wand              |       |     8 ||     8
  Use: Scroll            |     3 |     4 ||     7
  Eat: Chunk             |     2 |     4 ||     6
Armor: Ring mail         |    32 |       ||    32
       Scale mail        |    43 |    38 ||    81
Dodge: Dodged            |    74 |    59 ||   133

Table legend:
 A = Non-vault XP
 B = Vault XP
 C = Vault XP percentage of total XP
 D = Non-vault monster count
 E = Vault monster count
 F = Vault count percentage of total count
                 A         B        C        D         E       F
            +---------+---------+-------+---------+---------+-------
      Total |     162 |       0 |   0.0 |      50 |       0 |   0.0
            +---------+---------+-------+---------+---------+-------
        D:1 |      26 |       0 |   0.0 |      15 |       0 |   0.0
        D:2 |      76 |       0 |   0.0 |      19 |       0 |   0.0
        D:3 |      60 |       0 |   0.0 |      16 |       0 |   0.0
            +---------+---------+-------+---------+---------+-------
